 Dungeon Crawl Stone Soup version 0.31-a0-154-g56bf346678 (webtiles) character file.

Game seed: 9979135288786604469

18 comborobin the Sneak (level 2, -2/18 HPs)
             Began as a Deep Elf Delver on June 11, 2023.
             Was an Initiate of Okawaru.
             Slain by an orc
             ... wielding a +0 hand axe
              (5 damage)
             ... on level 3 of the Dungeon.
             The game lasted 00:01:39 (831 turns).

comborobin the Sneak (Deep Elf Delver)               Turns: 831, Time: 00:01:40

Health: -2/18      AC:  3    Str:  9    XL:     2   Next: 48%
Magic:  4/4        EV: 12    Int: 14    God:    Okawaru [......]
Gold:   36         SH:  0    Dex: 16    Spells: 1/1 levels left

rFire   . . .        a - +0 short sword
rCold   . . .        (no shield)
rNeg    . . .        b - +0 leather armour
rPois   .            (no helmet)
rElec   .            (no cloak)
rCorr   .            (no gloves)
SInv    .            (no boots)
Will    .....        (no amulet)
Stlth   +++          (no ring)
HPRegen 0.23/turn    (no ring)
MPRegen 0.09/turn

%: no passive effects
@: no status effects
A: no striking features
a: Renounce Religion


You were on level 3 of the Dungeon.
You worshipped Okawaru.
Okawaru was noncommittal.
You visited 2 branches of the dungeon, and saw 5 of its levels.

You collected 36 gold pieces.

Inventory:

Hand Weapons
 a - a +0 short sword (weapon)
Armour
 b - a +0 leather armour (worn)
Wands
 g - a wand of digging (2)
Scrolls
 c - a scroll of fog
 h - a scroll of identify {unknown}
Potions
 f - a potion of heal wounds {unknown}


   Skills:
 - Level 2.4 Fighting
 + Level 3.1 Short Blades
 - Level 2.4 Dodging
 - Level 6.0 Stealth


You had one spell level left.
You didn't know any spells.
Your spell library was empty.

Dungeon Overview and Level Annotations

Branches:
Dungeon (6/15)             Temple (1/1) D:6

Altars:
Gozag
Hepliaklqana
Kikubaaqudgha
Makhleb
Nemelex Xobeh
Okawaru
Qazlal
Uskayaw
Vehumet
Xom
Yredelemnul
Zin

Annotations:
D:4 Pikel


Message History

A frilled lizard is nearby!
You miss the frilled lizard. You hit the frilled lizard.
You kill the frilled lizard!
Okawaru accepts your kill.
No target in view!
Items here: ( ) ††.
An orc comes into view. It is wielding a +0 whip.
An orc is nearby!
An orc is nearby!
An orc comes into view. It is wielding a +0 hand axe.
An orc comes into view. It is wielding a +0 club.
You catch the helpless orc completely off-guard!
You puncture the orc!
You kill the orc!
Okawaru accepts your kill.
You hit the orc.
The orc is lightly wounded.
The orc hits you with a +0 hand axe.
You barely miss the orc.
The orc is lightly wounded.
The orc hits you with a +0 hand axe.
You completely miss the orc.
The orc is lightly wounded.
The orc hits you but does no damage.
You hit the orc but do no damage.
The orc is lightly wounded.
The orc hits you with a +0 hand axe.
You hit the orc.
The orc is severely wounded.
Press: ? - help, v - describe, . - travel The floor.
You barely miss the orc.
The orc is severely wounded.
The orc hits you with a +0 hand axe!
* * * LOW HITPOINT WARNING * * *
You barely miss the orc.
The orc is severely wounded.
The orc hits you with a +0 hand axe.
You die...

.#. ##.#####.##..# ...(..
............. ....o.##
#...######.##
........#####..# ##.#
....##.........######..##
.....##.....#............
#>..##.....#.###.......
#).#..##)##.#..##..#####
###..###.o@.##.##.....#####
#............#............#
#.#.########).###..#.......
#.#.# ###).....#......# .
#.#.# #..........###### .
#...# #....###.....######
.######..# #.#.##
###.#......#
........######....
#...####.#
......(.##.....### ###.# .#


You could see an orc.

Vanquished Creatures
  3 orcs (D:3)
  An endoplasm (D:3)
  A giant cockroach (D:3)
  A goblin (D:3)
  2 hobgoblins
  A kobold (D:3)
  A ball python (D:3)
  3 frilled lizards (D:3)
  A rat (D:3)
14 creatures vanquished.

Notes
Turn   | Place    | Note
-------+----------+-------------------------------------------
     0 | D:5      | comborobin the Deep Elf Delver began the quest for the Orb.
     0 | D:5      | Reached XP level 1. HP: 13/13 MP: 3/3
    52 | D:6      | Found a staircase to the Ecumenical Temple.
    54 | D:6      | Noticed an ogre
    75 | Temple   | Entered the Ecumenical Temple
   288 | Temple   | Became a worshipper of Warmaster Okawaru
   380 | D:4      | Noticed a scorpion
   431 | D:4      | Noticed an ogre
   434 | D:4      | Noticed a lemure
   434 | D:4      | Noticed Pikel
   435 | D:4      | Noticed a lemure
   557 | D:3      | Reached XP level 2. HP: 9/18 MP: 4/4
   831 | D:3      | Slain by an orc

Illustrated notes

Levels and vault maps discovered:
D:3:      layout_rooms, chequers_temple_overflow_statue_of_worship,
          uniq_crazy_yiuf_cottage
D:4:      layout_rooms, eino_tiny_chamber, dilly_guarded_unrand_devastator,
          uniq_pikel, uniq_robin, uniq_natasha
D:5:      layout_basic
D:6:      minmay_goblin_kobold_castle, layout_basic,
          nicolae_dithmenos_shadow_blocks, minmay_temple_entry_crystal_x
Temple:   nicolae_temple_bog_church

Skill      XL: |  1  2 |
---------------+-------+-----
Short Blades   | 3 |  3.1
Fighting       | |  2.4
Dodging        | |  2.4
Stealth        | |  6.0

Action                     || total
---------------------------++-------
  Melee: Short sword       ||    59
  Evoke: Wand              ||     1
    Use: Scroll            ||     4
         Potion            ||     1
   Stab: Distracted        ||     1
         Sleeping          ||     1
 Armour: Leather armour    ||    14
  Dodge: Dodged            ||    27

Table legend: (Time is in decaauts)
 A = Elapsed time spent in this place.
 B = Non-inter-level travel time spent in this place.
 C = Inter-level travel time spent in this place.
 D = Time resting spent in this place.
 E = Time spent auto-exploring this place.
 F = Levels seen in this place.
 G = Mean time per level.
                   A        B        C        D        E       F      G
               +--------+--------+--------+--------+--------+-----+--------+
         Total |    810 |    767 |     43 |    165 |    348 |   5 |  162.0 |
       Dungeon |    582 |    582 |      0 |    165 |    179 |   4 |  145.5 |
        Temple |    227 |    184 |     43 |      0 |    169 |   1 |  227.0 |
               +--------+--------+--------+--------+--------+-----+--------+

Top non-repeatable levels by time:
     D:3: 377 daAuts
  Temple: 227 daAuts
     D:6: 123 daAuts
     D:5: 60 daAuts
     D:4: 21 daAuts
